 Dungeon Crawl Stone Soup version 0.22-a0-149-g870e420 (webtiles) character file.

1443 Gorglomux the Skirmisher (level 8, -1/71 HPs)
             Began as a Minotaur Conjurer on Feb 7, 2018.
             Was a Follower of Okawaru.
             Killed from afar by mhoghedin's ghost (17 damage)
             ... with a spray of energy
             ... on level 7 of the Dungeon.
             The game lasted 00:14:45 (8266 turns).

Gorglomux the Skirmisher (Minotaur Conjurer)        Turns: 8266, Time: 00:14:46

Health: -1/71      AC: 14    Str: 16    XL:     8   Next: 46%
Magic:  9/9        EV:  9    Int: 12    God:    Okawaru [*.....]
Gold:   138        SH:  0    Dex: 10    Spells: 6/9 levels left

rFire    . . .     SeeInvis .   H - +1 mace (protect)
rCold    . . .     Gourm    .   (no shield)
rNeg     . . .     Faith    .   r - +0 chain mail
rPois    .         Spirit   .   (helmet restricted)
rElec    .         Reflect  .   U - +1 cloak {+Inv}
rCorr    .         Harm     .   N - +0 pair of gloves
MR       +....                  (no boots)
Stlth    ..........             (no amulet)
HPRegen  0.21/turn              m - ring of protection from magic
MPRegen  0.11/turn              l - ring of flight

@: no status effects
A: retaliatory headbutt, horns 2
a: Heroism, Renounce Religion, Evoke Invisibility, Evoke Flight


You were on level 7 of the Dungeon.
You worshipped Okawaru.
Okawaru was aware of your devotion.
You were hungry.

You visited 2 branches of the dungeon, and saw 8 of its levels.

You collected 442 gold pieces.
You spent 304 gold pieces at shops.

Inventory:

Hand Weapons
 k - a +0 short sword
 F - a +0 hand axe
 H - a +1 mace of protection (weapon)
Armour
 r - a +0 chain mail (worn)
 N - a +0 pair of gloves (worn)
 U - a +1 cloak of invisibility (worn)
Jewellery
 l - a ring of flight (right hand)
 m - a ring of protection from magic (left hand)
 s - an uncursed ring of magical power
Wands
 E - a wand of enslavement (32)
Scrolls
 e - 3 scrolls of magic mapping {unknown}
 p - a scroll of enchant armour {unknown}
 v - 2 scrolls of amnesia {unknown}
 y - 2 scrolls of fear
 z - a scroll of remove curse {unknown}
 R - 3 scrolls of identify
 S - a scroll of teleportation {unknown}
Potions
 t - a potion of agility
 w - a potion of flight {unknown}
 x - 3 potions of haste {unknown}
 C - 2 potions of might {unknown}
 D - a potion of magic {unknown}
 G - 4 potions of lignification
 J - a potion of brilliance
 L - a potion of cancellation {unknown}
Books
 b - a book of Conjurations

   Spells                             Type                      Level
   a - Magic Dart                     Conjuration                  1
   b - Searing Ray                    Conjuration                  2
   c - Dazzling Spray                 Conjuration/Hexes            3
   d - Fulminant Prism                Conjuration/Hexes            4
   e - Force Lance                    Conjuration/Translocation    4
   f - Iskenderun's Mystic Blast      Conjuration                  4
 V - a book of Misfortune

   Spells                             Type                      Level
   a - Confusing Touch                Hexes                        1
   b - Confuse                        Hexes                        3
   c - Gell's Gravitas                Translocation                3
   d - Petrify                        Transmutation/Earth          4
   e - Metabolic Englaciation         Hexes/Ice                    5
   f - Yara's Violent Unravelling     Hexes/Transmutation          5
Comestibles
 c - 7 rations


   Skills:
 + Level 6.7 Fighting
 + Level 3.5 Axes
 + Level 6.7 Armour
 + Level 6.7 Dodging
 - Level 1.5 Stealth
 - Level 1.3 Spellcasting
 - Level 2.9 Conjurations


You had 6 spell levels left.
You knew the following spells:

 Your Spells              Type           Power        Failure   Level  Hunger
a - Magic Dart            Conj           #...         75%         1    ##.....
b - Searing Ray           Conj           #.....       86%         2    ###....


Dungeon Overview and Level Annotations

Branches:
Dungeon (7/15)             Temple (1/1) D:6

Altars:
Fedhas
Gozag
Okawaru
Qazlal
Ru
Wu Jian
Xom
The Shining One

Shops:
D:6 [[*

Annotations:
D:7 mhoghedin's ghost, novice DrCj


Innate Abilities, Weirdness & Mutations

You reflexively headbutt those who attack you in melee.
You have a pair of horns on your head.


Message History

Unknown command!
You feel sick!
You feel sick!
Mhoghedin's ghost gestures at you while chanting!
The magic dart hits you!!!
Butt feel sick!
You feel sick!
You feel better!
Mhoghedin's ghost gestures at you while chanting!
The orb of energy hits you!!! * * * don't die
* * * The orb of energy explodes!!!
Mhoghedin's ghost casts a spell at you! The orb of energy misses you!
The orb of energy explodes!!!
Mhoghedin's ghost points at you and mumbles some strange words!
The magic dart hits you!!! * * * don't die
* * * Mhoghedin's ghost gestures at you while chanting!
The spray of energy hits you!!! rip

.......###..K######.##.#
.......'.(...K)...#.##.#
.......###...####K#.##.#
.......# #...# #W#.##.#
######## #####
#.#.##.#### #.#.......#
#.####.##.#
######.####.##.#
#<...@......##.#
######.#######.# #.# #.#
#.# #.# #.# #.#
#.#######.##
#..........#
############


You could see mhoghedin's ghost and a kobold.

Vanquished Creatures
  Eustachio (D:5)
  Duvessa (D:7)
  A water moccasin (D:7)
  A black bear (D:7)
  3 ogres
  A centaur (D:6)
  A big kobold (D:7)
  Dowan (D:7)
  A howler monkey (D:4)
  2 crimson imps
  An orc priest (D:4)
  A jelly (D:6)
  4 orc wizards
  An iguana (D:6)
  2 worker ants
  2 worker ant zombies
  9 adders
  A shadow imp (D:5)
  3 worms
  2 dart slugs
  2 leopard geckos
  8 orcs
  2 ball pythons
  7 bats
  4 giant cockroaches
  7 hobgoblins
  11 jackals
  A quokka (D:2)
  A frilled lizard (D:4)
  A giant cockroach zombie (D:6)
  6 goblins
  11 kobolds
  2 rats
102 creatures vanquished.

Notes
Turn   | Place    | Note
-------+----------+-------------------------------------------
     0 | D:1      | Gorglomux the Minotaur Conjurer began the quest for the Orb.
     0 | D:1      | Reached XP level 1. HP: 14/14 MP: 1/1
   622 | D:1      | Reached skill level 1 in Armour
   623 | D:1      | Reached skill level 1 in Fighting
   623 | D:1      | Reached XP level 2. HP: 20/23 MP: 3/3
  1650 | D:2      | Reached XP level 3. HP: 29/29 MP: 0/4
  1710 | D:2      | Reached skill level 3 in Dodging
  1834 | D:2      | Learned a level 2 spell: Searing Ray
  2614 | D:2      | Reached XP level 4. HP: 34/37 MP: 2/5
  3792 | D:4      | Reached skill level 3 in Fighting
  3792 | D:4      | Reached skill level 3 in Armour
  3792 | D:4      | Reached XP level 5. HP: 36/45 MP: 6/6
  3995 | D:4      | HP: 1/45 [orc/mace (6)]
  4067 | D:4      | Reached XP level 6. HP: 17/52 MP: 7/7
  5092 | D:5      | Entered Level 5 of the Dungeon
  6438 | D:5      | Reached XP level 7. HP: 37/60 MP: 8/8
  6578 | D:6      | Noticed Eustachio
  6603 | D:6      | Found a staircase to the Ecumenical Temple.
  6617 | D:6      | Found Tudy's Antique Armour Boutique.
  6620 | Temple   | Entered the Ecumenical Temple
  6632 | Temple   | Became a worshipper of Warmaster Okawaru
  6775 | D:5      | Killed Eustachio
  6815 | D:6      | Bought a runed cloak for 255 gold pieces
  7118 | D:6      | Found Bamakhlek's General Store.
  7121 | D:6      | Bought a scroll of fear for 49 gold pieces
  7149 | D:6      | Reached skill level 1 in Axes
  7284 | D:6      | Found Jumaphuf's Armour Shoppe.
  7300 | D:6      | Noticed a two-headed ogre
  7499 | D:6      | Found a blossoming altar of Fedhas.
  7560 | D:6      | Reached skill level 6 in Dodging
  7787 | D:7      | Noticed Dowan
  7788 | D:7      | Noticed Duvessa
  7817 | D:7      | Reached skill level 6 in Armour
  7823 | D:7      | Killed Duvessa
  7823 | D:7      | Reached * piety under Okawaru
  7823 | D:7      | Reached skill level 6 in Fighting
  7823 | D:7      | Reached XP level 8. HP: 39/70 MP: 9/9
  7977 | D:7      | Killed Dowan
  8141 | D:7      | Reached skill level 3 in Axes
  8246 | D:7      | Noticed mhoghedin's ghost (novice DrCj)
  8266 | D:7      | Killed from afar by mhoghedin's ghost

Vault maps used:
D:1:      lightli_arrival_quake
D:3:      first_ration
D:4:      grunt_decor_arrowhead, serial_park_tiny_1
D:5:      minmay_misc_feat_chi
D:6:      minmay_temple_entry_overgrown, serial_shops, nicolae_shop_waterfront,
          kennysheep_mini, nicolae_shop_stone, fedhas_bush_and_centaur_altar,
          uniq_eustachio
D:7:      basic_altar, uniq_duvessa
Temple:   compressed_dpeg_circular_temple

Skill      XL: |  1  2  3  4  5  6  7  8 |
---------------+-------------------------+-----
Armour         | 1 2 3 4 6 |  6.7
Fighting       | 1 2 3 4 6 |  6.7
Dodging        | 3 4 5 6 |  6.7
Axes           | 2 3 |  3.5
Stealth        | |  1.5
Spellcasting   | |  1.3
Conjurations   | |  2.9

Action                   |  1- 3 |  4- 6 |  7- 9 || total
-------------------------+-------+-------+-------++-------
Melee: Unarmed           |    28 |     5 |       ||    33
       Headbutt          |    14 |    13 |    18 ||    45
       Dagger            |    26 |       |       ||    26
       Short sword       |    48 |   135 |       ||   183
       Mace              |       |    46 |   143 ||   189
 Cast: Magic Dart        |    29 |     2 |       ||    31
       Searing Ray       |     3 |     2 |       ||     5
Invok: Heroism           |       |       |     1 ||     1
  Use: Potion            |       |     4 |     1 ||     5
       Scroll            |       |     1 |       ||     1
  Eat: Chunk             |     6 |    10 |     5 ||    21
       Ration            |       |     1 |       ||     1
Armor: Robe              |     7 |       |       ||     7
       Leather armour    |    16 |     5 |       ||    21
       Chain mail        |       |   118 |   196 ||   314
       Skin              |       |     7 |       ||     7
Dodge: Dodged            |    70 |    88 |   131 ||   289

Table legend:
 A = Spawn XP
 B = Non-spawn XP
 C = Spawn XP percentage of total XP
 D = Spawn monster count
 E = Non-spawn monster count
 F = Spawn count percentage of total count
 G = Total turns spent on level
                    A         B        C        D         E        F      G
               +---------+---------+-------+---------+---------+-------+---------
         Total |       0 |    2062 |   0.0 |       0 |     102 |   0.0 |  8266
               +---------+---------+-------+---------+---------+-------+---------
           D:1 |       0 |      38 |   0.0 |       0 |      22 |   0.0 |  1618
           D:2 |       0 |      84 |   0.0 |       0 |      18 |   0.0 |  1292
           D:3 |       0 |      39 |   0.0 |       0 |      12 |   0.0 |   839
           D:4 |       0 |     264 |   0.0 |       0 |      19 |   0.0 |  1343
           D:5 |       0 |     550 |   0.0 |       0 |       9 |   0.0 |  1639
           D:6 |       0 |     379 |   0.0 |       0 |       8 |   0.0 |  1165
           D:7 |       0 |     708 |   0.0 |       0 |      14 |   0.0 |   348
               +---------+---------+-------+---------+---------+-------+---------
